 Dungeon Crawl Stone Soup version 0.26.1-16-g4e020e15dc (webtiles) character file.

Game seed: 13478904836725382970

40 Twinkles the Vandal (level 3, -4/24 HPs)
             Began as a Halfling Arcane Marksman on Mar 11, 2023.
             Slain by Grinder (6 damage)
             ... on level 3 of the Dungeon.
             The game lasted 00:06:26 (1788 turns).

Twinkles the Vandal (Halfling Arcane Marksman)      Turns: 1788, Time: 00:06:26

Health: -4/24      AC:  6    Str: 12    XL:     3   Next: 72%
Magic:  3/4        EV: 14    Int: 11    God:
Gold:   110        SH:  5    Dex: 20    Spells: 3/4 levels left

rFire    . . .     SeeInvis .   a - +0 hunting sling
rCold    . . .     Faith    .   (shield restricted)
rNeg     . . .     Spirit   .   m - +0 ring mail
rPois    .         Reflect  +   (no helmet)
rElec    .         Harm     .   p - +0 cloak
rCorr    .         Rampage  .   (no gloves)
Will     .....                  (no boots)
Stlth    +.........             i - amulet of reflection
HPRegen  0.08/turn              j - +6 ring of dexterity
MPRegen  0.09/turn              (no ring)

@: no status effects
A: small, mutation resistance 1
a: no special abilities


You were on level 3 of the Dungeon.
You visited 1 branch of the dungeon, and saw 3 of its levels.

You collected 110 gold pieces.

Inventory:

Hand Weapons
 a - a +0 hunting sling (weapon)
Missiles
 d - 9 sling bullets (quivered ammo)
 f - 102 stones
 r - 2 poisoned darts
Armour
 e - a +0 robe
 h - a +0 chain mail
 k - a +0 kite shield
 m - a +0 ring mail (worn)
 p - a +0 cloak (worn)
Jewellery
 i - an amulet of reflection (around neck)
 j - a +6 ring of dexterity (left hand)
Wands
 q - a wand of digging (1)
Scrolls
 b - 6 scrolls of identify {unknown}
 c - a scroll of magic mapping {unknown}
 g - 3 scrolls of remove curse {unknown}
 l - a scroll of amnesia {unknown}
 o - a scroll of fog {unknown}
Potions
 n - a potion of curing {unknown}


   Skills:
 + Level 1.6 Fighting
 + Level 3.9 Slings
 + Level 2.8 Dodging
 + Level 1.0 Shields
 - Level 1.0 Spellcasting
 - Level 2.4 Hexes


You had 3 spell levels left.
You knew the following spells:

 Your Spells              Type           Power        Failure   Level
a - Corona                Hex            5%           28%         1

Your spell library contained the following spells:

 Spells                   Type           Power        Failure   Level
 Slow                     Hex            5%           38%         2
 Inner Flame              Hex/Fire       3%           80%         3
 Portal Projectile        Hex/Tloc       6%           80%         3
 Cause Fear               Hex            2%           95%         4
 Leda's Liquefaction      Hex/Erth       1%           99%         4


Dungeon Overview and Level Annotations

Branches:
Dungeon (3/15)

Altars:
Gozag
Zin

Annotations:
D:3 Grinder


Innate Abilities, Weirdness & Mutations

You are small and have problems with some larger weapons.
You are somewhat resistant to further mutation.


Message History

Aim: Grinder (moderately wounded, 60% to hit)
You shoot a sling bullet. The sling bullet hits Grinder.
Grinder is moderately wounded.
Grinder hits you.
You writhe in agony.
Really attack while wielding your +0 hunting sling?
Okay, then.
Unknown command.
Unknown command.
Unknown command.
You shoot a sling bullet. The sling bullet hits Grinder.
Grinder is heavily wounded.
Grinder hits you!
You writhe in agony.
Fire: 10 sling bullets
Press: ? - help, Q - select action, (/) - cycle Shift-Dir - straight line, f/p - Grinder
Aim: Grinder (heavily wounded, 60% to hit)
You shoot a sling bullet. The sling bullet barely misses Grinder.
Grinder hits you!
* * * LOW HITPOINT WARNING * * *
You writhe in agony.
You die...

. #.####. # ......
. .....# # #.##.#
####### #.##.#
......###.##.# #
#.##...#.#####
#####.#..#.......#
...).......#####@#
#####.###.##
#5.(.....
##........#
#(###.###
........### #(#
#######.# #.# #
#.. #(# #.# #.# .#
#(#


You could see Grinder.

Vanquished Creatures
  An adder (D:3)
  A dart slug (D:1)
  3 bats
  2 giant cockroaches
  4 goblins
  4 hobgoblins
  4 kobolds
  4 frilled lizards
  5 rats
28 creatures vanquished.

Notes
Turn   | Place    | Note
-------+----------+-------------------------------------------
     0 | D:1      | Twinkles the Halfling Arcane Marksman began the quest for
                  | the Orb.
     0 | D:1      | Reached XP level 1. HP: 12/12 MP: 2/2
    67 | D:1      | Reached skill level 1 in Fighting
   118 | D:1      | Reached XP level 2. HP: 18/18 MP: 3/3
   969 | D:2      | Reached XP level 3. HP: 23/23 MP: 4/4
  1159 | D:2      | Found an opulent altar of Gozag.
  1376 | D:2      | Found a glowing silver altar of Zin.
  1701 | D:3      | Reached skill level 1 in Shields
  1779 | D:3      | Noticed Grinder
  1788 | D:3      | HP: 2/24 [Grinder (7)]
  1788 | D:3      | Slain by Grinder

Illustrated notes

Levels and vault maps discovered:
D:1:      scummos_arrival_forest, layout_basic, st_stairs_12,
          minmay_stone_trees_small, wander_ebering_terrifying_dragon_lair
D:2:      layout_basic, pdpol_temple_overflow_zin_treasury_gozag_greed
D:3:      layout_loops_ring, pdpol_wu_jian_five_deadly_venoms,
          nicolae_overflow_hidden_temple, uniq_grinder

Skill      XL: |  1  2  3 |
---------------+----------+-----
Fighting       | 1 |  1.6
Shields        | 1 |  1.0
Slings         | |  3.9
Dodging        | |  2.8
Spellcasting   | |  1.0
Hexes          | |  2.4

Action                   || total
-------------------------++-------
 Fire: Hunting sling     ||    85
 Cast: Corona            ||     1
Armor: Chain mail        ||     4
Dodge: Dodged            ||    13
Block: Other             ||     8
       Reflection        ||     3
